 Dungeon Crawl Stone Soup version 0.30-a0-845-g7c6808c8ce (webtiles) character file.

Game seed: 12292632115422951278

137 Zenkrye the Conjurer (level 5, -5/28 HPs)
             Began as a Deep Elf Conjurer on Mar 2, 2023.
             Killed by divine providence
             ... invoked by an orc priest
              (16 damage)
             ... on level 3 of the Dungeon.
             The game lasted 00:09:59 (3115 turns).

Zenkrye the Conjurer (Deep Elf Conjurer)            Turns: 3115, Time: 00:10:00

Health: -5/28      AC:  6    Str:  4    XL:     5   Next: 0%
Magic:  1/14       EV: 11    Int: 25    God:
Gold:   96         SH:  5    Dex: 13    Spells: 4/13 levels left

rFire   . . .      SeeInvis .    k - +1 short sword (freeze)
rCold   . . .      Faith    .    (no shield)
rNeg    + . .      Spirit   .    l - +1 leather armour {Will+}
rPois   .          Reflect  +    (no helmet)
rElec   .          Rampage  .    (no cloak)
rCorr   .                        o - +0 pair of gloves
Will    +....                    d - +0 pair of boots
Stlth   ++                       j - amulet of reflection
HPRegen 0.24/turn                n - ring of positive energy
MPRegen 0.14/turn                (no ring)

@: no status effects
A: no striking features
a: no special abilities


You were on level 3 of the Dungeon.
You visited 1 branch of the dungeon, and saw 3 of its levels.

You collected 96 gold pieces.

Inventory:

Hand Weapons
 h - a +0 dagger
 k - a +1 short sword of freezing (weapon)
Armour
 a - a +0 robe
 d - a +0 pair of boots (worn)
 l - a +1 leather armour of willpower (worn)
 o - a +0 pair of gloves (worn)
Jewellery
 j - an amulet of reflection (around neck)
 n - a ring of positive energy (left hand)
 u - an amulet of regeneration
Scrolls
 i - a scroll of identify {@r1}
 p - a scroll of teleportation {@r3}
 q - a scroll of immolation {unknown}
 v - a scroll of fear
Potions
 b - a potion of magic
 c - a potion of invisibility
 e - a potion of resistance {@q6}
 f - 2 potions of might {unknown}
 g - a potion of flight {unknown}
 m - a potion of curing {unknown}
 r - a potion of degeneration {unknown}
 s - 2 potions of brilliance {unknown}
 t - a potion of lignification {unknown}
 w - a potion of cancellation {unknown}


   Skills:
 - Level 2.4 Dodging
 + Level 3.6 Stealth
 + Level 4.8 Spellcasting
 + Level 5.4 Conjurations
 + Level 1.1 Translocations


You had 4 spell levels left.
You knew the following spells:

 Your Spells              Type           Power      Damage    Failure   Level
a - Magic Dart            Conj           100%       1d8       1%          1
b - Searing Ray           Conj           66%        2d6       2%          2
c - Blink                 Tloc           22%        N/A       14%         2
q - Iskenderun's Mystic   Conj/Tloc      22%        2d6       36%         4

Your spell library contained the following spells:

 Spells                   Type           Power      Damage    Failure   Level
 Momentum Strike          Conj/Tloc      44%        3d9       6%          2
 Lesser Beckoning         Tloc           22%        N/A       14%         2
 Dazzling Flash           Conj/Hex       38%        N/A       14%         3
 Fulminant Prism          Conj/Hex       9%         3d6       43%         4
 Leda's Liquefaction      Hex/Erth       3%         N/A       83%         4
 Lee's Rapid Deconstruct  Erth           3%         3d5*      99%         5
 Statue Form              Tmut/Erth      4%         N/A       100%        6


Dungeon Overview and Level Annotations

Branches:
Dungeon (3/15)

Altars:

Shops:
D:1 *


Message History

The orc priest mumbles some strange prayers to Beogh against you.
You resist with some effort.
The searing ray hits the orc priest.
The orc priest is lightly wounded.
The searing ray misses the orc priest.
An orc comes into view.
It is wielding a +2 whip of electrocution.
The orc priest attacks as you move away!
The orc priest hits you with a +0 short sword.
The orc priest looks satisfied for a moment.
The orc priest mumbles some strange prayers to Beogh against you.
Pain shoots through your body!
Things that are here:
a +0 club; a goblin corpse
There is an open door here.
The orc priest hits you with a +0 short sword.
A frilled lizard comes into view.
Found a short sword.
The orc priest invokes the aid of Beogh against you.
Beogh smites you!
Ouch! That really hurt!
The orc barely misses you.
Casting: Searing Ray (safe; 2% risk of failure)
Confirm with . or Enter, or press ? or * to list all spells.
Aiming: Searing Ray (safe; 2% risk of failure)
Press: ? - help, Shift-Dir - straight line, f/p - orc priest
Aim: an orc priest, wielding a +0 short sword and wearing a +0 ring mail (lightly wounded, 83% to hit)
The searing ray hits the orc!
You kill the orc!
The searing ray hits the orc priest.
The orc priest is moderately wounded. (Press . to maintain the ray.)
The orc priest mumbles some strange prayers to Beogh against you.
You resist with some effort.
You have reached level 5!
The searing ray hits the orc priest.
The orc priest is moderately wounded.
The orc priest calls down the wrath of Beogh upon you.
Beogh smites you!
Ouch! That really hurt!
You die...

..l...# ###^##.#..#...
....... ##.#.#.###...#.
........##....##.#......
..................#.##.#
........##....#####.##.#
.#.....####.#.# #.##..
.....)..# #.#.#####.####
##. #.# #.#.o.o.o.# ##..
#@###'#######.####
....#### #)##o..##
#...)) #.....#
#.#.....## ######
#.#.#.# #.o.....†##
#.....###..o......#
#.................+
##....###.........# )
##.### ##.......## .#
#.# ##.....## .#


You could see an orc priest.

Vanquished Creatures
  An orc wizard (D:3)
  2 adders
  2 worms (D:2)
  A dart slug (D:2)
  8 orcs (D:3)
  4 ball pythons
  7 endoplasms
  A giant cockroach (D:1)
  9 hobgoblins
  5 jackals
  4 kobolds
  6 quokkas
  5 bats
  4 frilled lizards
  5 goblins
  7 rats
71 creatures vanquished.

Vanquished Creatures (others)
  4 toadstools (D:1)
4 creatures vanquished.

Grand Total: 75 creatures vanquished

Notes
Turn   | Place    | Note
-------+----------+-------------------------------------------
     0 | D:1      | Zenkrye the Deep Elf Conjurer began the quest for the Orb.
     0 | D:1      | Reached XP level 1. HP: 10/10 MP: 6/6
   282 | D:1      | Reached XP level 2. HP: 15/15 MP: 4/8
   286 | D:1      | Learned a level 2 spell: Searing Ray
   824 | D:1      | Reached XP level 3. HP: 19/19 MP: 8/10
   968 | D:1      | Found Pusieleq's Assorted Antiques.
  1050 | D:1      | Found a faded altar of an unknown god.
  1057 | D:1      | Reached skill level 5 in Conjurations
  1285 | D:1      | Learned a level 2 spell: Blink
  2256 | D:2      | Reached XP level 4. HP: 24/24 MP: 4/12
  2426 | D:3      | Learned a level 4 spell: Iskenderun's Mystic Blast
  2978 | D:3      | Reached skill level 1 in Translocations
  3115 | D:3      | Reached XP level 5. HP: 11/28 MP: 2/14
  3115 | D:3      | Killed from afar by an orc priest

Illustrated notes

Levels and vault maps discovered:
D:1:      ldierk_walled_garden_2, layout_basic, ebering_ecumenical_altar_rust,
          serial_shops, nicolae_shop_behind_doors
D:2:      minmay_evil_eye, layout_loops_cross, hangedman_glass_garden
D:3:      layout_loops_corners, kennysheep_crisscross,
          chequers_serial_rivers_room_b

Skill      XL: |  1  2  3  4 |
---------------+-------------+-----
Spellcasting   | 4 |  4.8
Conjurations   | 5 |  5.4
Stealth        | 3 |  3.6
Translocations | 1 |  1.1
Dodging        | |  2.4

Action                     |  1- 3 |  4- 6 || total
---------------------------+-------+-------++-------
   Cast: Magic Dart        |    92 |    38 ||   130
         Searing Ray       |       |     5 ||     5
    Use: Scroll            |     8 |       ||     8
 Armour: Robe              |     1 |       ||     1
  Dodge: Dodged            |     2 |     3 ||     5
  Block: Other             |     1 |       ||     1

Table legend: (Time is in decaauts)
 A = Elapsed time spent in this place.
 B = Non-inter-level travel time spent in this place.
 C = Inter-level travel time spent in this place.
 D = Time resting spent in this place.
 E = Time spent auto-exploring this place.
 F = Levels seen in this place.
 G = Mean time per level.
                   A        B        C        D        E       F      G
               +--------+--------+--------+--------+--------+-----+--------+
         Total |   3113 |   3018 |     95 |     70 |   2568 |   3 | 1037.7 |
       Dungeon |   3113 |   3018 |     95 |     70 |   2568 |   3 | 1037.7 |
               +--------+--------+--------+--------+--------+-----+--------+

Top non-repeatable levels by time:
     D:1: 1368 daAuts
     D:2: 902 daAuts
     D:3: 842 daAuts
